 Dungeon Crawl Stone Soup version 0.31-a0-844-gdc52ec4e09 (webtiles) character file.

Game seed: 10362593025176582714

47 CowFu the Cudgeller (level 3, -7/23 HPs)
             Began as a Gargoyle Monk on Oct 1, 2023.
             Mangled by Terence
             ... wielding a +0 morningstar
              (11 damage)
             ... on level 2 of the Dungeon.
             The game lasted 00:01:02 (1102 turns).

CowFu the Cudgeller (Gargoyle Monk)                 Turns: 1102, Time: 00:01:03

Health: -7/23      AC:  5    Str: 16    XL:     3   Next: 70%
Magic:  3/3        EV: 12    Int: 10    God:
Gold:   73         SH:  0    Dex: 12    Spells: 2/2 levels left

rFire   + . .        a - +0 whip (freeze)
rCold   . . .        d - orb {light}
rNeg    + . .        b - +0 robe
rPois   ∞            (no helmet)
rElec   +            (no cloak)
rCorr   .            (no gloves)
SInv    +            (no boots)
Will    .....        (no amulet)
Stlth   +            g - ring of protection from fire
HPRegen 0.23/turn    f - ring of see invisible
MPRegen 0.08/turn

%: no passive effects
@: glowing
A: sickness immunity, AC +3, negative energy resistance 1, electricity
resistance, torment resistance 1, petrification resistance
a: no special abilities


You were on level 2 of the Dungeon.
You visited 1 branch of the dungeon, and saw 2 of its levels.

You collected 73 gold pieces.

Inventory:

Hand Weapons
 a - a +0 whip of freezing (weapon)
Armour
 b - a +0 robe (worn)
 d - an orb of light (worn)
Jewellery
 c - an amulet of faith
 f - a ring of see invisible (right hand)
 g - a ring of protection from fire (left hand)
Scrolls
 e - a scroll of teleportation {unknown}
 h - a scroll of vulnerability {unknown}
 i - 3 scrolls of revelation {unknown}


   Skills:
 - Level 3.2 Fighting
 + Level 4.5 Maces & Flails
 - Level 2.4 Dodging


You had 2 spell levels left.
You didn't know any spells.
Your spell library contained the following spells:

 Spells                   Type           Power      Damage    Failure   Level
 Magic Dart               Conj           0%         1d3       36%         1
 Searing Ray              Conj           0%         2d4       50%         2
 Fulminant Prism          Conj/Hex       0%         3d5       98%         4


Dungeon Overview and Level Annotations

Branches:
Dungeon (2/15)

Altars:

Annotations:
D:2 Terence


Innate Abilities, Weirdness & Mutations

You are immune to sickness and miasma.
Your stone body is resilient. (AC +3)
You are immune to poison.
You resist negative energy. (rN+)
You are resistant to electric shocks. (rElec)
You are resistant to unholy torment.
You are immune to petrification.


Message History

You hit Terence. You freeze Terence.
Terence is moderately wounded.
Terence barely misses you.
You hit Terence but do no damage.
Terence is moderately wounded.
Terence barely misses you.
You hit Terence but do no damage.
Terence is moderately wounded.
Terence hits you with a +0 morningstar!
You hit Terence but do no damage.
Terence is moderately wounded.
Terence hits you with a +0 morningstar!
* * * LOW HITPOINT WARNING * * *
You are too injured to fight recklessly!
It was a potion of curing.
You feel better. Terence misses you.
You hit Terence but do no damage.
Terence is moderately wounded.
Terence misses you.
You hit Terence but do no damage.
Terence is moderately wounded.
You hit Terence. You freeze Terence.
Terence is heavily wounded.
Terence closely misses you.
You hit Terence but do no damage.
Terence is heavily wounded.
Terence misses you.
You hit Terence. You freeze Terence.
Terence is severely wounded.
Terence closely misses you.
You hit Terence but do no damage.
Terence is severely wounded.
Terence hits you but does no damage.
You barely miss Terence.
Terence is severely wounded.
Terence hits you with a +0 morningstar!
* * * LOW HITPOINT WARNING * * *
You hit Terence. You freeze Terence.
Terence is severely wounded.
Terence hits you with a +0 morningstar!
You die...

#...........#
#...........# ..
#........>..# ...
#..........# ....
#..........####....
#..................
#................#
#................#
###########@.....#
#.@....# #......#
#......# #......#
########


You could see Terence.

Vanquished Creatures
  Jessica (D:2)
  A worm (D:2)
  2 ball pythons
  2 endoplasms
  5 goblins
  A hobgoblin (D:1)
  A bat (D:1)
  2 frilled lizards (D:1)
  2 kobolds (D:1)
  2 rats
19 creatures vanquished.

Notes
Turn   | Place    | Note
-------+----------+-------------------------------------------
     0 | D:1      | CowFu the Gargoyle Monk began the quest for the Orb.
     0 | D:1      | Reached XP level 1. HP: 14/14 MP: 1/1
   227 | D:1      | Reached XP level 2. HP: 19/19 MP: 2/2
   610 | D:2      | Noticed Jessica
   623 | D:2      | Killed Jessica
   624 | D:2      | Reached skill level 4 in Maces & Flails
   624 | D:2      | Reached XP level 3. HP: 23/23 MP: 3/3
  1086 | D:2      | Noticed Terence
  1093 | D:2      | HP: 1/23 [Terence/+0 morningstar (11)]
  1102 | D:2      | Mangled by Terence

Illustrated notes

Levels and vault maps discovered:
D:1:      lemuel_arrival_behind_the_door_large, layout_loops_ring
D:2:      layout_basic, uniq_jessica, uniq_terence

Skill      XL: |  1  2 |
---------------+-------+-----
Maces & Flails | 4 |  4.5
Fighting       | |  3.2
Dodging        | |  2.4

Action                     || total
---------------------------++-------
  Melee: Mace              ||    19
         Whip              ||    43
    Use: Potion            ||     2
 Armour: Robe              ||    26
  Dodge: Dodged            ||    41

Table legend: (Time is in decaauts)
 A = Elapsed time spent in this place.
 B = Non-inter-level travel time spent in this place.
 C = Inter-level travel time spent in this place.
 D = Time resting spent in this place.
 E = Time spent auto-exploring this place.
 F = Levels seen in this place.
 G = Mean time per level.
                   A        B        C        D        E       F      G
               +--------+--------+--------+--------+--------+-----+--------+
         Total |   1099 |   1083 |     16 |      0 |    934 |   2 |  549.5 |
       Dungeon |   1099 |   1083 |     16 |      0 |    934 |   2 |  549.5 |
               +--------+--------+--------+--------+--------+-----+--------+

Top non-repeatable levels by time:
     D:1: 560 daAuts
     D:2: 539 daAuts
